 Dungeon Crawl Stone Soup version 0.29-a0-8-g0446c0dae4 (webtiles) character file.

Game seed: 1970108349360638486

153 testman the Cudgeller (level 5, -2/48 (54) HPs)
             Began as a Troll Berserker on Jan 27, 2022.
             Was a Believer of Trog.
             Killed by divine providence
             ... invoked by an orc priest
              (16 damage)
             ... on level 3 of the Dungeon.
             The game lasted 00:08:10 (2428 turns).

testman the Cudgeller (Troll Berserker)             Turns: 2428, Time: 00:08:11

HP:   -2/48 (54)    AC:  4    Str: 33    XL:     5   Next: 12%
MP:   4/4           EV: 10    Int:  3    God:    Trog [**....]
Gold: 158           SH:  0    Dex:  9    Spells: 4/4 levels left

rFire   . . .      SeeInvis .   a - +0 mace
rCold   . . .      Faith    .   (no shield)
rNeg    . . .      Spirit   .   b - +0 animal skin
rPois   .          Reflect  .   (helmet restricted)
rElec   .          Harm     .   (no cloak)
rCorr   .          Rampage  .   (gloves unavailable)
Will    +....                   (boots unavailable)
Stlth   +.........              (no amulet)
HPRegen 0.96/turn               h - +6 ring of strength
MPRegen 0.09/turn               k - ring of willpower

@: heavily drained
A: large, unfitting armour, claws 3, regeneration 1, shaggy fur 1, tough skin 1
a: Renounce Religion, Berserk, Trog's Hand


You were on level 3 of the Dungeon.
You worshipped Trog.
Trog was pleased with you.
You visited 1 branch of the dungeon, and saw 3 of its levels.

You collected 158 gold pieces.

Inventory:

Hand Weapons
 a - a +0 mace (weapon)
Missiles
 c - 103 stones (quivered)
 t - 4 poisoned darts
Armour
 b - a +0 animal skin (worn)
Jewellery
 h - a +6 ring of strength (left claw)
 k - a ring of willpower (right claw)
 o - a ring of ice
Wands
 q - a wand of flame (17)
 r - a wand of digging (7)
Scrolls
 e - 5 scrolls of teleportation
 f - a scroll of blinking
 g - a scroll of magic mapping {unknown}
 l - a scroll of fear {unknown}
 m - 2 scrolls of identify {unknown}
Potions
 d - a potion of curing {unknown}
 i - a potion of mutation {unknown}
 j - a potion of flight {unknown}
 n - 2 potions of heal wounds {unknown}
 p - a potion of haste {unknown}
 s - 2 potions of degeneration {unknown}


   Skills:
 + Level 3.8 Fighting
 + Level 4.2 Maces & Flails
 - Level 2.4 Dodging


You had 4 spell levels left.
You didn't know any spells.
Your spell library was empty.

Dungeon Overview and Level Annotations

Branches:
Dungeon (3/15)

Altars:

Shops:
D:1 *:=?:


Innate Abilities, Weirdness & Mutations

You are too large for most types of armour.
You have claws for hands.
Your natural rate of healing is unusually fast.
You are covered in fur. (AC +1)
You have tough skin. (AC +1)


Message History

As you read the scroll labelled EGOELI ONKOXI, it crumbles to dust.
You hear a loud clanging noise!
It was a scroll of noise.
Your surroundings suddenly seem different.
Found a blue potion.
d - a blue potion The orc shouts!
An orc comes into view. It is wielding a +0 hand axe.
An orc priest comes into view. It is wielding a +0 flail.
The orc priest shouts!
The orc hits you with a +0 whip.
You hit the orc.
The orc is almost dead.
You barely miss the orc.
The orc priest hits you with a +0 flail.
You closely miss the orc priest. The orc barely misses you.
The orc priest mumbles some strange prayers to Beogh against you.
Pain shoots through your body! The orc misses you.
You hit the orc priest.
The orc priest is moderately wounded.
The orc priest hits you with a +0 flail.
The orc hits you with a +0 hand axe.
You hit the orc priest.
The orc priest is moderately wounded.
The orc priest hits you with a +0 flail.
The orc barely misses you.
You are too injured to fight recklessly!
You are too injured to fight recklessly!
You are too injured to fight recklessly!
You are too injured to fight recklessly!
You hit the orc priest but do no damage.
The orc priest is moderately wounded.
The orc priest hits you with a +0 flail.
The orc hits you with a +0 hand axe.
* * * LOW HITPOINT WARNING * * *
You hit the orc priest.
The orc priest is heavily wounded.
The orc priest invokes the aid of Beogh against you.
Beogh smites you!
You die...

###....)#.##.#..#.###########
.............................
###.....####.#..###.#########
#.......####.#..# #.#
.............#..# #.#### ####
#.#.......#..##)# #)##.# #...
#.#.##......o).)###)##.# #...
#.#.##.....oo###...).)<###...
#.#....#.#.#@# #.##.##.......
#..##..#.#.#.###.##.##.......
#........#...................
####........###..##.............
##.....#.###.#
#..##.............
##.##.......##
#...####.##.......
.#....###.#.#....#.##
#.##....... .####.#
#.#.#.####..# #.##.......
.##...###.#...#####.#
#.##.......


You could see an orc priest and 2 orcs.

Vanquished Creatures
  Terence (D:3)
  Robin (D:3)
  5 adders
  2 worms (D:2)
  A dart slug (D:2)
  An orc (D:3)
  6 endoplasms
  A giant cockroach (D:1)
  10 goblins
  10 hobgoblins
  5 kobolds
  2 quokkas
  3 ball pythons
  6 bats
  3 frilled lizards (D:2)
  4 rats
61 creatures vanquished.

Vanquished Creatures (others)
  A plant (D:1)
1 creature vanquished.

Grand Total: 62 creatures vanquished

Notes
Turn   | Place    | Note
-------+----------+-------------------------------------------
     0 | D:1      | testman the Troll Berserker began the quest for the Orb.
     0 | D:1      | Reached XP level 1. HP: 22/22 MP: 0/0
    14 | D:1      | Found Isuu's Book Emporium.
    20 | D:1      | Found Tovaics's Jewellery Shoppe.
    29 | D:1      | Found Qogailov's Magic Scroll Shoppe.
    67 | D:1      | Found Biasypt's Book Shop.
   224 | D:1      | Reached skill level 3 in Maces & Flails
   228 | D:1      | Reached XP level 2. HP: 28/29 MP: 1/1
   434 | D:1      | Found a faded altar of an unknown god.
   853 | D:1      | Found Zeesoh's Assorted Antiques.
  1035 | D:2      | Reached ** piety under Trog
  1084 | D:2      | Reached XP level 3. HP: 37/37 MP: 2/2
  1772 | D:3      | Noticed Robin
  1783 | D:3      | Reached XP level 4. HP: 39/45 MP: 3/3
  1868 | D:3      | Killed Robin
  2021 | D:3      | Noticed Terence
  2034 | D:3      | Killed Terence
  2035 | D:3      | Reached skill level 4 in Maces & Flails
  2259 | D:3      | Reached XP level 5. HP: 46/47 MP: 4/4
  2428 | D:3      | Killed from afar by an orc priest

Illustrated notes

Levels and vault maps discovered:
D:1:      sevenhm_arrival_forest_fort_small_4, layout_basic,
          shapermc_ecumenical_altar_acropolis, serial_forest,
          infiniplex_forest_join, infiniplex_forest_fountain,
          infiniplex_forest_lined_room_3, infiniplex_forest_side_room,
          infiniplex_forest_clump_double, infiniplex_forest_lined_3,
          infiniplex_forest_straight_1, infiniplex_forest_split,
          infiniplex_forest_straight_2, serial_shops, nicolae_shop_trees, shop,
          nicolae_shop_hallway_stairs, nicolae_shop_competitors_out_of_business,
          shop
D:2:      layout_rooms, dk_noncrumbling_3, mrwooster_statue_mirror,
          grunt_decor_junction, minmay_bisected
D:3:      layout_basic, serial_shops, shop, uniq_terence, uniq_robin

Skill      XL: |  1  2  3  4 |
---------------+-------------+-----
Maces & Flails | 3 4 |  4.2
Fighting       | 3 |  3.8
Dodging        | |  2.4

Action                   |  1- 3 |  4- 6 || total
-------------------------+-------+-------++-------
Melee: Mace              |   177 |    63 ||   240
       Punch             |     1 |     2 ||     3
Invok: Berserk           |     1 |     1 ||     2
       Trog's Hand       |       |     1 ||     1
  Use: Scroll            |       |     3 ||     3
Armor: Animal skin       |    85 |    15 ||   100
Dodge: Dodged            |   105 |    50 ||   155

Table legend: (Time is in decaauts)
 A = Elapsed time spent in this place.
 B = Non-inter-level travel time spent in this place.
 C = Inter-level travel time spent in this place.
 D = Time resting spent in this place.
 E = Time spent auto-exploring this place.
 F = Levels seen in this place.
 G = Mean time per level.
                   A        B        C        D        E       F      G
               +--------+--------+--------+--------+--------+-----+--------+
         Total |   2507 |   2435 |     72 |    291 |   1563 |   3 |  835.7 |
       Dungeon |   2507 |   2435 |     72 |    291 |   1563 |   3 |  835.7 |
               +--------+--------+--------+--------+--------+-----+--------+

Top non-repeatable levels by time:
     D:1: 1023 daAuts
     D:3: 781 daAuts
     D:2: 702 daAuts
